 Dungeon Crawl Stone Soup version 0.28.0-53-g5a82cb258f (webtiles) character file.

Game seed: 14547402472716570573

2 moldycheese5 the Grave Robber (level 1, -2/10 HPs)
             Began as a Deep Elf Necromancer on June 17, 2022.
             Slain by a quokka (4 damage)
             ... on level 1 of the Dungeon.
             The game lasted 00:00:12 (261 turns).

moldycheese5 the Grave Robber (Deep Elf Necromancer) Turns: 261, Time: 00:00:14

Health: -2/10      AC:  2    Str:  5    XL:     1   Next: 25%
Magic:  3/6        EV: 12    Int: 19    God:
Gold:   0          SH:  0    Dex: 15    Spells: 5/6 levels left

rFire   . . .      SeeInvis .   (no weapon)
rCold   . . .      Faith    .   (no shield)
rNeg    . . .      Spirit   .   a - +0 robe
rPois   .          Reflect  .   (no helmet)
rElec   .          Harm     .   (no cloak)
rCorr   .          Rampage  .   (no gloves)
Will    .....                   (no boots)
Stlth   ++........              (no amulet)
HPRegen 0.03/turn               (no ring)
MPRegen 0.10/turn               (no ring)

@: no status effects
A: no striking features
a: no special abilities


You were on level 1 of the Dungeon.
You visited 1 branch of the dungeon, and saw 1 of its levels.

Inventory:

Armour
 a - a +0 robe (worn)


   Skills:
 + Level 2.4 Dodging
 + Level 2.4 Stealth
 + Level 3.0 Spellcasting
 + Level 5.0 Necromancy


You had 5 spell levels left.
You knew the following spells:

 Your Spells              Type           Power      Damage    Failure   Level
a - Pain                  Necr           84%        1d8       1%          1

Your spell library contained the following spells:

 Spells                   Type           Power      Damage    Failure   Level
 Animate Skeleton         Necr           42%        N/A       1%          1
 Vampiric Draining        Necr           21%        2d7       6%          3
 Animate Dead             Necr           10%        N/A       19%         4
 Agony                    Necr           21%        N/A       47%         5


Dungeon Overview and Level Annotations

Branches:
Dungeon (1/15)

Altars:


Message History

You start resting.
You start resting.
Magic restored.
You start resting.
HP restored.
You start waiting.
Done waiting.
Things that are here:
a +0 dagger; a kobold corpse
Things that are here:
a +0 dagger; a kobold skeleton
Found an escape hatch in the floor.
An endoplasm comes into view.
Found a scroll labelled OKITHR NILUAH and a scroll labelled NIXZAG DUO.
An endoplasm is nearby!
An endoplasm is nearby!
An endoplasm is nearby!
A quokka comes into view.
There is an escape hatch in the floor here.
A quokka and a ball python come into view.
The quokka closely misses you.
You hit the quokka but do no damage. The quokka bites you.
You completely miss the quokka. The quokka bites you.
Aiming: Pain (safe; 1% risk of failure)
Press: ? - help, Q - select action Shift-Dir - straight line, f - quokka
Aim: a quokka (chance to affect: 90%)
The quokka writhes in agony.
The quokka barely misses you.
Aiming: Pain (safe; 1% risk of failure)
Press: ? - help, Q - select action Shift-Dir - straight line, f/p - quokka
Aim: a quokka (lightly wounded, chance to affect: 90%)
The quokka writhes in agony.
The quokka misses you. The quokka completely misses you.
Aiming: Pain (safe; 1% risk of failure)
Press: ? - help, Q - select action Shift-Dir - straight line, f/p - quokka
Aim: a quokka (heavily wounded, chance to affect: 90%)
The quokka writhes in agony!
You kill the quokka!
The quokka bites you.
You die...

#...........#
.##...........#
...............S+
#...............#
#..........?....#
#...........?....
#........rJ......
........@#
###.....# #.....#
#.>...# #.....#
#.....# #.....#
#.....# #.....#


You could see an endoplasm, a quokka and a ball python (asleep).

Vanquished Creatures
  A kobold (D:1)
  A quokka (D:1)
  A ball python (D:1)
3 creatures vanquished.

Vanquished Creatures (others)
  5 toadstools (D:1)
5 creatures vanquished.

Grand Total: 8 creatures vanquished

Notes
Turn   | Place    | Note
-------+----------+-------------------------------------------
     0 | D:1      | moldycheese5 the Deep Elf Necromancer began the quest for
                  | the Orb.
     0 | D:1      | Reached XP level 1. HP: 10/10 MP: 6/6
    27 | D:1      | Reached skill level 5 in Necromancy
   261 | D:1      | Slain by a quokka

Illustrated notes

Levels and vault maps discovered:
D:1:      ldierk_walled_garden, layout_basic

Skill      XL: |  1 |
---------------+----+-----
Necromancy     | 5 |  5.0
Dodging        | |  2.4
Stealth        | |  2.4
Spellcasting   | |  3.0

Action                   || total
-------------------------++-------
Melee: Unarmed           ||     2
 Cast: Pain              ||     7
Dodge: Dodged            ||     4
